 Dungeon Crawl Stone Soup version bcrawl-1.19.1 (webtiles) character file.

Game seed: 8549640376175516685

13259 JackS81 the Basher (level 11, -1/92 HPs)
             Began as a Minotaur Archaeologist on Nov 29, 2019.
             Was a High Priest of Okawaru.
             Slain by a six-headed hydra (7 damage)
             ... on level 2 of the Lair of Beasts on Dec 1, 2019.
             The game lasted 00:52:05 (12735 turns).

JackS81 the Basher (Minotaur Archaeologist)        Turns: 12735, Time: 00:52:06

Health: -1/92      AC: 13    Str: 16    XL:     11   Next: 73%
Magic:  8/10       EV: 19    Int: 11    God:    Okawaru [*****.]
Gold:   432        SH:  0    Dex: 12    Spells: 10/10 levels left

rFire    . . .     SeeInvis .   u - +0 flail (holy)
rCold    . . .     Gourm    .   (no shield)
rNeg     + . .     Faith    +   r - +0 ring mail {rN+}
rPois    .         Spirit   .   x - +2 hat
rElec    .         Reflect  .   (no cloak)
rCorr    .         Harm     .   (no gloves)
MR       .....                  f - +2 pair of boots of the Assassin {Detection Stab+ Stlth++}
Stlth    ++++++....             s - amulet of faith
HPRegen  0.25/turn              L - +2 ring of evasion
MPRegen  0.12/turn              K - +4 ring of slaying

@: heroism
A: retaliatory headbutt, horns 2
a: Heroism, Finesse, Renounce Religion


You were on level 2 of the Lair of Beasts.
You worshipped Okawaru.
Okawaru was extremely pleased with you.
You were not hungry.

You visited 2 branches of the dungeon, and saw 10 of its levels.
You also visited: Sewer.

You collected 890 gold pieces.
You spent 458 gold pieces at shops.

Inventory:

Hand Weapons
 a - a +1 arbalest of flaming
 d - a +3 arbalest of velocity
 e - a +1 whip of flaming
 u - a +0 flail of holy wrath (weapon)
 G - a +6 great sword
 I - a +5 long sword
Missiles
 k - 287 tomahawks (quivered)
 B - 733 bolts
Armour
 f - the +2 pair of boots of the Assassin (worn) {Detection Stab+ Stlth++}

   It makes you much more stealthy.
 i - a +2 robe of positive energy
 r - a +0 ring mail of positive energy (worn)
 x - a +2 hat (worn)
 A - the +0 buckler of Intercession {MR+ Int+2 Dex+4}
   (Okawaru gifted it to you on level 2 of the Lair of Beasts)

   It affects your intelligence (+2).
   It affects your dexterity (+4).
   It affects your resistance to hostile enchantments.
 D - a +2 shield
Magical Staves
 v - an uncursed staff of summoning {unknown}
Jewellery
 h - an uncursed ring of wizardry
 l - an uncursed amulet of rage
 m - an uncursed ring of protection from fire
 s - an amulet of faith (around neck)
 J - an uncursed ring of resist corrosion
 K - a +4 ring of slaying (right hand)
 L - a +2 ring of evasion (left hand)
Wands
 w - a wand of paralysis (24)
 E - a wand of flame (6)
 N - a wand of acid (5)
Scrolls
 j - a scroll of fear
 n - 5 scrolls of remove curse
 o - a scroll of enchant armour {unknown}
 p - a scroll of blinking
 q - 3 scrolls of immolation
 t - a scroll of enchant weapon
 y - 5 scrolls of teleportation
 z - 6 scrolls of identify
Potions
 C - 2 potions of flight
Miscellaneous
 c - a phial of floods
Comestibles
 g - 15 rations {!d}


   Skills:
 + Level 7.4(12.4) Fighting
 * Level 13.9(18.9) Maces & Flails
 * Level 9.2(14.2) Crossbows
 * Level 8.3(13.3) Armour
 + Level 6.8(11.8) Dodging
 - Level 7.2(12.2) Stealth
 * Level 0.5(5.5) Shields


You had 10 spell levels left.
You didn't know any spells.
Your spell library contained the following spells:

 Spells                   Type           Power        Failure   Level  Hunger
 Magic Dart               Conj           #...         50%         1    ##.....
 Blink                    Tloc           N/A          63%         2    ###....
 Call Imp                 Summ           #.....       63%         2    ###....
 Conjure Flame            Conj/Fire      #.......     86%         3    ####...
 Mephitic Cloud           Conj/Pois/Air  #.......     86%         3    ####...
 Spider Form              Tmut/Pois      #..          86%         3    ####...


Dungeon Overview and Level Annotations

Branches:
Dungeon (8/12)             Temple (0/1) D:7            Lair (2/6) D:8
  Swamp: Lair:2-4    Shoals: Lair:2-4     Snake: Lair:2-4    Spider: Lair:2-4
    Orc: D:8-11

Altars:
Cheibriados
Dithmenos
Fedhas
Hepliaklqana
Makhleb
Nemelex Xobeh
Okawaru
Sif Muna
Wu Jian
Zin
The Shining One
Beogh

Shops:
D:5 :   D:6 ?   D:8 *

Annotations:
D:5 3 runed translucent doors, Quickbrownfox's ghost, novice SDEE
D:7 2 transporters, Xantor's ghost, novice CeFi


Innate Abilities, Weirdness & Mutations

You reflexively headbutt those who attack you in melee.
You have a pair of horns on your head.


Message History

The six-headed hydra closely misses you.
The six-headed hydra barely misses you.
You hit the six-headed hydra. You headbutt the six-headed hydra!
The six-headed hydra is severely wounded.
You feel much better.
The six-headed hydra bites you but does no damage.
The six-headed hydra closely misses you. x2
The six-headed hydra bites you but does no damage.
The six-headed hydra misses you. The six-headed hydra bites you.
* * * LOW HITPOINT WARNING * * *
You completely miss the six-headed hydra.
You headbutt the six-headed hydra, but do no damage.
The six-headed hydra is severely wounded.
The six-headed hydra barely misses you.
The six-headed hydra bites you but does no damage. x2
The six-headed hydra bites you!
* * * LOW HITPOINT WARNING * * *
The six-headed hydra bites you but does no damage.
The six-headed hydra bites you!
You die...

#.....##..P#≈P..♣
#..#..##...#S...♣ ##
#.....#P..##♣...♣ ... #.
#..........♣♣...# ≈≈≈. #.
#......#...♣♣...# ≈≈≈≈ ##
...#......###''#♣######♣###
..........##....#♣.≈≈≈≈P.P♣
P..#..##..##F..†D...≈≈≈...#
...#..#...##P...@........<#
#..P..#...P#♣P..#♣........#
..........########♣....P8#######
#..#...#......######'''###......#
...P..#.......P##................
.......#...÷..####..............#
#..P..........# #...###........#
#.............#####..###.........
#.....##.......#.....##..........


You could see a six-headed hydra, a black mamba (fleeing) and a cane toad
(fleeing).

Vanquished Creatures
  Psyche (D:8)
  A hydra (Lair:2)
  A two-headed ogre (D:6)
  Pikel (D:8)
  3 cane toads
  3 black mambas
  A komodo dragon (Lair:1)
  A polar bear (Lair:2)
  A troll (D:8)
  Grinder (D:5)
  3 hippogriffs
  9 yaks (Lair:2)
  3 fire bats (Lair:1)
  2 hungry ghosts
  7 crocodiles
  4 water moccasins
  5 porcupines
  An orc warrior (D:8)
  3 sky beasts
  2 phantoms
  3 ogres
  A centaur (D:7)
  6 bullfrogs
  A big kobold (Sewer)
  3 scorpions
  5 wights (D:8)
  3 electric eels (Lair:1)
  2 centaur zombies (D:8)
  10 howler monkeys
  6 crimson imps
  2 quasits
  A hound (D:3)
  10 orc priests
  A bullfrog skeleton (D:7)
  2 iguanas
  3 worker ants
  5 orc wizards
  A hound skeleton (D:6)
  A worker ant zombie (D:8)
  14 gnolls
  9 adders
  A river rat (Sewer)
  3 shadow imps
  3 oozes
  3 adder skeletons
  4 worms
  5 dart slugs
  5 leopard geckos
  45 orcs
  A ball python (D:2)
  5 bats
  3 giant cockroaches
  8 goblins
  12 hobgoblins
  4 jackals
  10 kobolds
  5 quokkas
  2 frilled lizards
  10 rats
271 creatures vanquished.

Vanquished Creatures (others)
  An orc (D:7)
  7 fungi
  37 plants
45 creatures vanquished.

Grand Total: 316 creatures vanquished

Notes
Turn   | Place    | Note
-------+----------+-------------------------------------------
     0 | D:1      | JackS81 the Minotaur Archaeologist began the quest for the
                  | Orb.
     0 | D:1      | Reached XP level 1. HP: 16/16 MP: 0/0
    75 | D:1      | Reached skill level 2 in Maces & Flails
   178 | D:1      | Reached XP level 2. HP: 20/23 MP: 1/1
   357 | D:1      | Reached skill level 3 in Maces & Flails
   732 | D:1      | Reached XP level 3. HP: 29/29 MP: 2/2
  1205 | D:2      | Reached skill level 4 in Maces & Flails
  1205 | D:2      | Reached XP level 4. HP: 36/36 MP: 3/3
  1589 | D:2      | Found an iron altar of Okawaru.
  1606 | D:2      | Became a worshipper of Warmaster Okawaru
  1917 | D:2      | Found a glowing silver altar of Zin.
  2011 | D:3      | Reached XP level 5. HP: 25/41 MP: 4/4
  2232 | D:3      | Reached skill level 5 in Maces & Flails
  2815 | D:3      | Reached skill level 1 in Armour
  2830 | D:3      | Reached * piety under Okawaru
  2830 | D:3      | Reached skill level 6 in Maces & Flails
  2830 | D:3      | Reached XP level 6. HP: 25/49 MP: 5/5
  3339 | D:3      | Found a snail-covered altar of Cheibriados.
  3488 | D:4      | Found a glowing drain.
  3499 | Sewer    | Entered a sewer
  3642 | Sewer    | Reached skill level 7 in Maces & Flails
  3795 | Sewer    | Found a glowing silver altar of Zin.
  4085 | D:4      | Reached XP level 7. HP: 56/56 MP: 6/6
  4269 | D:4      | Found a shimmering blue altar of Sif Muna.
  4557 | D:5      | Entered Level 5 of the Dungeon
  4686 | D:5      | Found a runed translucent gate.
  4686 | D:5      | Identified the +3 ring mail of the Vaults {rPois}
  4686 | D:5      | Noticed Quickbrownfox's ghost (novice SDEE)
  4687 | D:5      | Found a runed translucent gate.
  4688 | D:5      | Found a runed translucent gate.
  4693 | D:5      | Found a roughly hewn altar of Beogh.
  4754 | D:5      | Found a sparkling altar of Nemelex Xobeh.
  5012 | D:5      | Noticed a hungry ghost
  5110 | D:5      | Found a burning altar of Makhleb.
  5197 | D:5      | Reached skill level 8 in Maces & Flails
  5287 | D:5      | Found Omonk's Book Emporium.
  5294 | D:5      | Reached ** piety under Okawaru
  5374 | D:5      | Killed a hungry ghost
  5374 | D:5      | Reached skill level 9 in Maces & Flails
  5374 | D:5      | Reached skill level 5 in Stealth
  5578 | D:6      | Noticed Grinder
  5584 | D:5      | Killed Grinder
  5584 | D:5      | Reached XP level 8. HP: 53/63 MP: 4/7
  5752 | D:6      | Noticed a two-headed ogre
  5768 | D:6      | Killed a two-headed ogre
  5768 | D:6      | Reached *** piety under Okawaru
  5768 | D:6      | Reached skill level 10 in Maces & Flails
  5901 | D:6      | Reached skill level 11 in Maces & Flails
  5901 | D:6      | Reached XP level 9. HP: 31/71 MP: 8/8
  5918 | D:6      | HP: 2/71 [something/magic dart (3)]
  5926 | D:6      | Found Mitawee Xoaz's Magic Scroll Boutique.
  5945 | D:6      | Bought a scroll of identify for 26 gold pieces
  6090 | D:6      | Reached **** piety under Okawaru
  6314 | D:6      | Found a hazy altar of Hepliaklqana.
  6407 | D:6      | Found a blossoming altar of Fedhas.
  6930 | D:7      | Reached skill level 5 in Dodging
  6939 | D:7      | Reached skill level 5 in Armour
  6976 | D:7      | Reached skill level 12 in Maces & Flails
  6976 | D:7      | Reached skill level 1 in Crossbows
  7309 | D:7      | Reached skill level 5 in Fighting
  7736 | D:7      | Found a shadowy altar of Dithmenos.
  7803 | D:7      | Found a transporter.
  7807 | D:7      | Noticed Xantor's ghost (novice CeFi)
  7816 | D:7      | Found a transporter.
  7921 | D:7      | Found a staircase to the Ecumenical Temple.
  8024 | D:8      | Found a staircase to the Lair.
  8296 | D:8      | HP: 1/74 [orc priest/divine providence (14)]
  8650 | D:8      | Reached XP level 10. HP: 73/81 MP: 9/9
  8903 | D:8      | Found an ornate altar of the Wu Jian Council.
  8905 | D:8      | Found a glowing golden altar of the Shining One.
  9084 | D:8      | Noticed Psyche
  9090 | D:8      | Paralysed by Psyche for 2 turns
  9101 | D:8      | Killed Psyche
  9101 | D:8      | Reached ***** piety under Okawaru
  9234 | D:8      | Noticed Pikel
  9519 | D:8      | Killed Pikel
  9519 | D:8      | Reached skill level 13 in Maces & Flails
  9643 | D:8      | Found Hatear's Assorted Antiques.
  9646 | D:8      | Bought a potion of heal wounds for 120 gold pieces
  9646 | D:8      | Bought an encrusted gilded ring for 120 gold pieces
  9646 | D:8      | Bought a marble ring for 120 gold pieces
  9646 | D:8      | Bought a scroll labeled BOUNEU FOAH for 24 gold pieces
  9646 | D:8      | Bought a scroll labeled ERO FUNAJ JAU for 24 gold pieces
  9646 | D:8      | Bought a scroll labeled HECOUNOYPP for 24 gold pieces
 10344 | Lair:1   | Entered Level 1 of the Lair of Beasts
 10369 | Lair:1   | Received a gift from Okawaru
 10395 | Lair:1   | Reached skill level 5 in Crossbows
 10443 | Lair:1   | Noticed a black mamba
 10451 | Lair:1   | Killed a black mamba
 10579 | Lair:1   | Noticed a cane toad
 10599 | Lair:1   | Killed a cane toad
 10599 | Lair:1   | Received a gift from Okawaru
 10609 | Lair:1   | Received a gift from Okawaru
 10609 | Lair:1   | Reached XP level 11. HP: 41/89 MP: 10/10
 11738 | Lair:2   | Received a gift from Okawaru
 11830 | Lair:2   | Noticed a five-headed hydra
 11847 | Lair:2   | Killed a five-headed hydra
 12692 | Lair:2   | Received a gift from Okawaru
 12705 | Lair:2   | Got a distressingly furry buckler {god gift}
 12713 | Lair:2   | Identified the +0 buckler of Intercession {MR+ Int+2 Dex+4}
                  | (Okawaru gifted it to you on level 2 of the Lair of Beasts)
 12720 | Lair:2   | Noticed a six-headed hydra
 12735 | Lair:2   | Slain by a six-headed hydra

Skill      XL: |  1  2  3  4  5  6  7  8  9 10 11 |
---------------+----------------------------------+-----
Maces & Flails | 2 3 4 6 7 9 11 12 13 | 13.9
Stealth        | 3 4 5 6 7 |  7.2
Fighting       | 2 3 4 5 6 7 |  7.4
Armour         | 1 3 4 6 7 8 |  8.3
Dodging        | 4 5 6 |  6.8
Crossbows      | 2 6 9 |  9.2
Shields        | |  0.5

Action                   |  1- 3 |  4- 6 |  7- 9 | 10-12 || total
-------------------------+-------+-------+-------+-------++-------
Melee: Whip              |    98 |   172 |       |       ||   270
       Headbutt          |    11 |    43 |    50 |    36 ||   140
       Flail             |       |   100 |   366 |   171 ||   637
       Punch             |       |       |     2 |     2 ||     4
 Fire: Hand crossbow     |       |     3 |    31 |    61 ||    95
       Arbalest          |       |       |       |    68 ||    68
Throw: Tomahawk          |       |    14 |    15 |       ||    29
Invok: Heroism           |       |       |     8 |     6 ||    14
Evoke: Wand              |       |       |     1 |       ||     1
  Use: Potion            |     3 |     1 |     4 |     5 ||    13
       Scroll            |       |     2 |     4 |     7 ||    13
 Stab: Sleeping          |     5 |     8 |     4 |       ||    17
       Distracted        |       |     1 |       |       ||     1
  Eat: Chunk             |     1 |     9 |    18 |    13 ||    41
Armor: Robe              |    17 |    60 |    39 |       ||   116
       Ring mail         |       |       |    97 |    65 ||   162
Dodge: Dodged            |    49 |   143 |   209 |   141 ||   542
